 Seeded DCSS version 0.30-a0-918-g0ff054e9dc (webtiles) character file.

Game seed: 13555036537017109050 (custom seed)

1653 GigaChad the Cleaver (level 9, -13/69 HPs)
             Began as a Formicid Fighter on Mar 20, 2023.
             Killed from afar by Maggie (17 damage)
             ... with a bolt of fire
             ... on level 7 of the Dungeon.
             The game lasted 00:06:07 (5655 turns).

GigaChad the Cleaver (Formicid Fighter)             Turns: 5655, Time: 00:06:08

Health: -13/69     AC: 11    Str: 25    XL:     9   Next: 19%
Magic:  9/9        EV:  9    Int: 14    God:
Gold:   818        SH:  6    Dex: 21    Spells: 8/8 levels left

rFire   . . .      SeeInvis +    a - +0 war axe
rCold   . . .      Faith    .    c - +0 buckler
rNeg    . . .      Spirit   .    t - +0 chain mail
rPois   .          Reflect  .    (helmet unavailable)
rElec   .          Rampage  .    (no cloak)
rCorr   .                        s - +0 pair of fencer's gloves {Riposte Dex+3}
Will    .....                    (no boots) Stlth
                                 h - amulet of the acrobat
HPRegen 0.31/turn                e - ring "Sosamn" {Int+6 Dex+5}
MPRegen 0.11/turn                (no ring)

@: no status effects
A: permanent stasis, dig shafts and tunnels, antennae 3, four strong arms
a: Dig, Shaft Self


You were on level 7 of the Dungeon.
You visited 1 branch of the dungeon, and saw 7 of its levels.

You collected 818 gold pieces.

Inventory:

Hand Weapons
 a - a +0 war axe (weapon)
Missiles
 r - 4 throwing nets
Armour
 b - a +0 scale mail
 c - a +0 buckler (worn)
 s - the +0 pair of fencer's gloves (worn) {Riposte Dex+3}
   (You acquired it on level 2 of the Dungeon)

   Riposte:   It allows the wearer to riposte with melee weapons, swiftly
   retaliating against missed or blocked melee attacks.
   Dex:       It affects your dexterity (+3).
 t - a +0 chain mail (worn)
Jewellery
 e - the ring "Sosamn" (left hand) {Int+6 Dex+5}
   (You acquired it on level 1 of the Dungeon)

   [ring of intelligence]

   Int:       It affects your intelligence (+6).
   Dex:       It affects your dexterity (+5).
 h - an amulet of the acrobat (around neck)
 v - a ring of magical power
 w - a +4 ring of protection
 x - a +6 ring of dexterity
 F - a ring of ice
Wands
 y - a wand of mindburst (2)
 z - a wand of polymorph (10)
 H - a wand of roots (26)
Scrolls
 g - 10 scrolls of identify
 i - 3 scrolls of teleportation {unknown}
 m - 3 scrolls of immolation {unknown}
 p - 3 scrolls of blinking {unknown}
 u - a scroll of vulnerability {unknown}
 B - a scroll of fog {unknown}
 D - a scroll of enchant weapon {unknown}
 E - 2 scrolls of noise {unknown}
 G - a scroll of magic mapping {unknown}
 I - a scroll of amnesia {unknown}
Potions
 d - 2 potions of might
 f - 4 potions of curing
 j - 3 potions of haste {unknown}
 k - 5 potions of heal wounds {unknown}
 l - 2 potions of flight {unknown}
 n - 2 potions of attraction {unknown}
 o - a potion of mutation {unknown}
 q - 3 potions of degeneration {unknown}
 A - a potion of lignification {unknown}
 C - a potion of magic {unknown}


   Skills:
 + Level 5.8 Fighting
 + Level 8.4 Axes
 + Level 5.4 Armour
 + Level 1.6 Dodging
 + Level 0.6 Stealth
 + Level 6.3 Shields


You had 8 spell levels left.
You didn't know any spells.
Your spell library contained the following spells:

 Spells                   Type           Power      Damage    Failure   Level
 Magic Dart               Conj           0%         1d3       91%         1
 Searing Ray              Conj           0%         2d4       97%         2
 Kindle Blastsparks       Fire/Tloc/Air  0%         2d10      100%        3
 Fulminant Prism          Conj/Hex       0%         3d5       100%        4
 Iskenderun's Mystic Bla  Conj/Tloc      0%         2d3       100%        4
 Lee's Rapid Deconstruct  Erth           0%         3d4*      100%        5


Dungeon Overview and Level Annotations

Branches:
Dungeon (7/15)             Temple (0/1) D:4

Altars:
Yredelemnul

Shops:
D:4 [

Annotations:
D:7 Maggie


Innate Abilities, Weirdness & Mutations

You cannot be hasted, slowed, berserked, paralysed or teleported.
You can dig through walls and to a lower floor.
You have a pair of large antennae on your head. (SInv)
Your four strong arms can wield two-handed weapons with a shield.


Message History

You hit Maggie but do no damage. Maggie barely misses you.
You hit Maggie.
Maggie is lightly wounded.
Maggie gives herself a magical halo, but it quickly sputters out.
Maggie zaps a wand.
The bolt of acid hits you!
You hit Maggie.
Maggie is lightly wounded.
Maggie hits you with a +1 halberd of distortion.
Space warps horribly around you!!
You closely miss Maggie.
Maggie is lightly wounded.
Maggie gestures at you while chanting. The bolt of fire misses you.
You hit Maggie but do no damage.
Maggie is lightly wounded.
Maggie closely misses you.
You riposte.
You barely miss Maggie.
Maggie is lightly wounded.
Maggie misses you.
You slash Maggie!
Maggie is lightly wounded.
Maggie hits you with a +1 halberd of distortion!
You are too injured to fight recklessly!
You hit Maggie but do no damage.
Maggie is lightly wounded.
Maggie zaps a wand.
The bolt of acid hits you.
You slash Maggie!
Maggie is moderately wounded.
Maggie hits you with a +1 halberd of distortion.
Space warps horribly around you!
* * * LOW HITPOINT WARNING * * *
You hit Maggie but do no damage.
Maggie is moderately wounded.
Maggie points at you and mumbles some strange words.
The bolt of fire hits you.
* * * LOW HITPOINT WARNING * * *
You slash Maggie!
Maggie is heavily wounded.
Maggie gestures at you while chanting. The bolt of fire hits you!
You die...

#####.# ####.....##
##...#.# #..........
##......# #.##.....##
#.......###.##.....##
#....................
#.......###.##....)##
#......# #.##.....#
##...#.# #.###......
##@##.###.###..####
#@##..........#
#.##########..# #.#
#..# ... ..# .<. ....


You could see Maggie.

Vanquished Creatures
  A water moccasin (D:6)
  A sky beast (D:7)
  2 ice beasts (D:6)
  An ogre (D:5)
  2 phantoms
  A bullfrog (D:6)
  3 scorpions (D:6)
  A gnoll sergeant (D:6)
  A gnoll bouda (D:5)
  3 orc priests
  A hound (D:5)
  5 iguanas
  Natasha (twice) (D:2)
  2 orc wizards
  Robin (D:4)
  6 adders
  14 gnolls
  2 ufetubi
  3 worms
  4 dart slugs
  21 orcs
  3 ball pythons
  6 endoplasms
  3 giant cockroaches
  16 goblins
  8 hobgoblins
  7 jackals (D:4)
  3 quokkas (D:2)
  7 bats
  5 frilled lizards
  4 kobolds
  6 rats
  A spectral orc (D:5)
146 creatures vanquished.

Notes
Turn   | Place    | Note
-------+----------+-------------------------------------------
     0 | D:1      | GigaChad the Formicid Fighter began the quest for the Orb.
     0 | D:1      | Reached XP level 1. HP: 18/18 MP: 1/1
   302 | D:1      | Reached XP level 2. HP: 24/24 MP: 2/2
   629 | D:1      | Identified a scroll of acquirement
   629 | D:1      | Acquired the ring "Sosamn" {Int+6 Dex+5}
   806 | D:2      | Noticed Natasha
   809 | D:2      | Noticed a crimson imp
   811 | D:2      | Killed Natasha
   812 | D:2      | Reached XP level 3. HP: 23/30 MP: 3/3
   893 | D:2      | Reached XP level 4. HP: 37/37 MP: 4/4
  1029 | D:2      | Reached skill level 3 in Axes
  1077 | D:2      | Reached XP level 5. HP: 28/42 MP: 5/5
  1247 | D:2      | Acquired the +0 pair of fencer's gloves {Riposte Dex+3}
  1247 | D:2      | Found the +0 pair of fencer's gloves {Riposte Dex+3}
  1254 | D:2      | Acquired 532 gold pieces
  1349 | D:2      | Noticed Natasha
  1353 | D:2      | Killed Natasha
  2550 | D:4      | Reached skill level 5 in Shields
  2618 | D:4      | Reached XP level 6. HP: 46/49 MP: 6/6
  2644 | D:4      | Reached skill level 4 in Axes
  2696 | D:4      | Reached skill level 1 in Dodging
  3020 | D:4      | Noticed Robin
  3029 | D:4      | Killed Robin
  3146 | D:4      | Found Haida's Dragon-Slaying Spoils.
  3302 | D:4      | Found a staircase to the Ecumenical Temple.
  3345 | D:5      | Entered Level 5 of the Dungeon
  3358 | D:5      | Reached skill level 5 in Axes
  3358 | D:5      | Reached XP level 7. HP: 55/55 MP: 7/7
  3738 | D:5      | Found a basalt altar of Yredelemnul.
  3803 | D:5      | Reached skill level 5 in Fighting
  4251 | D:6      | Reached skill level 6 in Axes
  4257 | D:6      | Reached XP level 8. HP: 5/62 MP: 8/8
  4500 | D:6      | Reached skill level 7 in Axes
  5058 | D:6      | Reached skill level 8 in Axes
  5058 | D:6      | Reached skill level 5 in Armour
  5058 | D:6      | Reached XP level 9. HP: 42/69 MP: 9/9
  5644 | D:7      | Noticed Maggie
  5655 | D:7      | Killed from afar by Maggie

Illustrated notes

Levels and vault maps discovered:
D:1:      dpeg_arrival_water_fire, layout_basic
D:2:      layout_basic, hex_large, reono_crystal_passage, st_stairs_2,
          minmay_tromino_v7, uniq_natasha
D:3:      layout_basic
D:4:      kennysheep_goblin_castle, layout_rooms, lemuel_temple_firewalk_b,
          nicolae_shop_dragon_depot
D:5:      layout_loops_corners, yredelemnul_forgotten_temple_becter
D:6:      dreamdust_elfheim, layout_loops_cross, nicolae_kite_square_tiling_tiny
D:7:      layout_loops_ring, gammafunk_ghost_abyssal_escape,
          corexii_hall_statues_x, uniq_maggie

Skill      XL: |  1  2  3  4  5  6  7  8 |
---------------+-------------------------+-----
Axes           | 3 5 6 8 |  8.4
Fighting       | 4 5 |  5.8
Shields        | 5 6 |  6.3
Armour         | 4 5 |  5.4
Dodging        | 1 |  1.6
Stealth        | |  0.6

Action                     |  1- 3 |  4- 6 |  7- 9 || total
---------------------------+-------+-------+-------++-------
  Melee: War axe           |    61 |   139 |   149 ||   349
    Use: Scroll            |     1 |     3 |       ||     4
         Potion            |       |       |     1 ||     1
 Armour: Scale mail        |    23 |    13 |       ||    36
         Chain mail        |       |    45 |    48 ||    93
  Dodge: Dodged            |    36 |    73 |    70 ||   179
  Block: Buckler           |    14 |    61 |    51 ||   126
Riposte: War axe           |       |    36 |    40 ||    76

Table legend: (Time is in decaauts)
 A = Elapsed time spent in this place.
 B = Non-inter-level travel time spent in this place.
 C = Inter-level travel time spent in this place.
 D = Time resting spent in this place.
 E = Time spent auto-exploring this place.
 F = Levels seen in this place.
 G = Mean time per level.
                   A        B        C        D        E       F      G
               +--------+--------+--------+--------+--------+-----+--------+
         Total |   5755 |   5588 |    167 |    201 |   4458 |   7 |  822.1 |
       Dungeon |   5755 |   5588 |    167 |    201 |   4458 |   7 |  822.1 |
               +--------+--------+--------+--------+--------+-----+--------+

Top non-repeatable levels by time:
     D:6: 1166 daAuts
     D:3: 955 daAuts
     D:2: 923 daAuts
     D:5: 911 daAuts
     D:4: 818 daAuts
     D:1: 722 daAuts
     D:7: 258 daAuts
